 Dungeon Crawl Stone Soup version 0.31.0-32-g396128a36d (webtiles) character file.

Game seed: 9086925099773615427

385 Henri the Sneak (level 6, -6/28 HPs)
             Began as a Vine Stalker Enchanter on Apr 1, 2024.
             Killed by divine providence
             ... invoked by an orc priest
              (12 damage)
             ... on level 4 of the Dungeon.
             The game lasted 00:09:11 (3237 turns).

Henri the Sneak (Vine Stalker Enchanter)            Turns: 3237, Time: 00:09:12

Health: -6/28      AC:  5    Str: 11    XL:     6   Next: 77%
Magic:  0/12       EV: 12    Int: 17    God:
Gold:   160        SH:  0    Dex: 20    Spells: 0/11 levels left

rFire   . . .        a - +1 dagger
rCold   . . .        (no shield)
rNeg    . . .        n - +1 robe {Will+}
rPois   .            o - +0 helmet
rElec   .            (no cloak)
rCorr   .            (no gloves)
SInv    .            r - +0 pair of boots
Will    +....        (no amulet)
Stlth   ++++         t - +6 ring of dexterity
HPRegen 1.04/turn    (no ring)
MPRegen 0.13/turn

%: guardian spirit
@: no status effects
A: fangs 2, regeneration 1, magic shield, antimagic bite, no potion heal 2
a: no special abilities


You were on level 4 of the Dungeon.
You visited 1 branch of the dungeon, and saw 4 of its levels.

You collected 160 gold pieces.

Inventory:

Hand Weapons
 a - a +1 dagger (weapon)
 b - a +1 falchion of electrocution
Missiles
 f - 6 curare-tipped darts (quivered)
Armour
 n - a +1 robe of willpower (worn)
 o - a +0 helmet (worn)
 r - a +0 pair of boots (worn)
 s - a +0 leather armour of poison resistance
Jewellery
 t - a +6 ring of dexterity (left hand)
Scrolls
 d - a scroll of fear {unknown}
 h - 2 scrolls of vulnerability {unknown}
 k - a scroll of immolation {unknown}
 l - a scroll of enchant armour {unknown}
 m - 2 scrolls of teleportation {unknown}
 p - a scroll of enchant weapon {unknown}
 q - a scroll of noise {unknown}
 u - a scroll of identify {unknown}
Potions
 c - 2 potions of invisibility
 e - a potion of degeneration {unknown}
 g - 2 potions of heal wounds {unknown}
 i - a potion of resistance {unknown}
 j - 2 potions of curing {unknown}


   Skills:
 * Level 3.5 Short Blades
 - Level 1.5 Dodging
 * Level 6.3 Stealth
 + Level 3.4 Spellcasting
 + Level 4.0 Hexes


You couldn't memorise any spells.
You knew the following spells:

 Your Spells              Type           Power      Damage    Failure   Level
a - Confusing Touch       Hex            16%        N/A       10%         3
b - Ensorcelled Hibernat  Hex/Ice        18%        N/A       11%         2
c - Tukima's Dance        Hex            16%        N/A       10%         3
d - Dazzling Flash        Conj/Hex       18%        N/A       22%         3

Your spell library contained the following spells:

 Spells                   Type           Power      Damage    Failure   Level
 Jinxbite                 Hex            32%        N/A       4%          2
 Apportation              Tloc           4%         N/A       17%         1
 Alistair's Intoxication  Alch           1%         N/A       99%         5
 Borgnjor's Vile Clutch   Necr/Erth      1%         N/A       99%         5
 Eringya's Noxious Bog    Alch           1%         4d6       100%        6


Dungeon Overview and Level Annotations

Branches:
Dungeon (4/15)
 Temple: D:4-7

Altars:
Cheibriados
Qazlal
Xom

Shops:
D:2 :


Innate Abilities, Weirdness & Mutations

You have extremely sharp teeth.
Your natural rate of healing is unusually fast.
When hurt, damage is shared between your health and your magic reserves.
Your bite disrupts and absorbs the magic of your enemies.
Potions cannot restore your health.


Message History

You closely miss the hound. You bite the hound. You drain its power.
You feel invigorated.
The hound is almost dead.
The hound bites you.
You miss the hound.
The hound is almost dead.
The hound bites you.
You barely miss the hound.
The hound is almost dead.
The hound bites you but does no damage. The hound bites you.
* * * LOW HITPOINT WARNING * * *
You hit the hound.
You kill the hound!
You barely miss the orc priest. Your bite misses the orc priest.
The orc priest completely misses you.
You hit the orc priest.
You punch the orc priest, but do no damage.
You bite the orc priest. You drain its power.
You feel invigorated.
The orc priest is heavily wounded.
The orc priest hits you with a +0 short sword.
* * * LOW HITPOINT WARNING * * *
You hit the orc priest but do no damage.
Your bite misses the orc priest.
The orc priest is heavily wounded.
The orc priest mumbles some strange prayers to Beogh against you.
Beogh smites you!
* * * LOW HITPOINT WARNING * * *
You hit the orc priest.
The orc priest is almost dead.
You hit the orc priest but do no damage.
You bite the orc priest.
You kill the orc priest!
An orc comes into view. It is wielding a +0 short sword.
Your Hexes skill increases to level 4!
Unknown command.
You hit the orc but do no damage. The orc closely misses you.
You completely miss the orc.
The orc priest calls down the wrath of Beogh upon you.
Beogh smites you!
You die...

..#...##### ..# S .#
..#...#...#...# .#.#
.###.#.....#.### #..
#...###...###...##.#
.....#.###.#.....#.#
#...#...# .# #..#
#####...#.. #####o##
#...#...#...#...#o#
.....#.###.#...o@##
#...###...###...##
.###.#.....#.###.##
#...#...#.. #...#
#...#####...#...#
#...#...#...#...#
.###.#.....#.###.##
#...###...###...##
.....#.###.#.....##


You could see 2 orc priests and an orc.

Vanquished Creatures
  A phantom (D:4)
  A bullfrog (D:3)
  A bombardier beetle (D:3)
  A hound (D:4)
  An orc priest (D:4)
  Jessica (D:2)
  Robin (D:2)
  3 adders
  3 dart slugs
  A ribbon worm (D:2)
  2 orcs
  5 endoplasms
  3 giant cockroaches
  19 goblins
  9 hobgoblins
  3 kobolds
  3 quokkas (D:2)
  4 ball pythons
  9 bats
  3 frilled lizards
  4 rats
78 creatures vanquished.

Notes
Turn   | Place    | Note
-------+----------+-------------------------------------------
     0 | D:1      | Henri the Vine Stalker Enchanter began the quest for the
                  | Orb.
     0 | D:1      | Reached XP level 1. HP: 9/9 MP: 4/4
    70 | D:1      | Reached skill level 1 in Short Blades
   161 | D:1      | Reached XP level 2. HP: 13/13 MP: 6/6
   251 | D:1      | Reached skill level 4 in Stealth
   507 | D:1      | Learned a level 2 spell: Ensorcelled Hibernation
   539 | D:1      | Reached XP level 3. HP: 15/16 MP: 7/7
  1026 | D:2      | Learned a level 3 spell: Confusing Touch
  1258 | D:2      | Found Judaliv's Book Shop.
  1351 | D:2      | Noticed Jessica
  1392 | D:2      | Killed Jessica
  1393 | D:2      | Reached XP level 4. HP: 21/21 MP: 1/8
  1435 | D:2      | Noticed Robin
  1571 | D:2      | Killed Robin
  1701 | D:2      | Learned a level 3 spell: Tukima's Dance
  1709 | D:2      | Reached skill level 5 in Stealth
  1955 | D:2      | Found a faded altar of an unknown god.
  2435 | D:3      | Reached XP level 5. HP: 24/24 MP: 10/10
  2669 | D:3      | Found a snail-covered altar of Cheibriados.
  2731 | D:3      | Found a shimmering altar of Xom.
  2731 | D:3      | Found a stormy altar of Qazlal.
  2820 | D:3      | Reached XP level 6. HP: 28/28 MP: 11/11
  2947 | D:4      | Learned a level 3 spell: Dazzling Flash
  3060 | D:4      | Reached skill level 6 in Stealth
  3222 | D:4      | HP: 1/28 [orc priest/divine providence (11)]
  3237 | D:4      | Killed from afar by an orc priest

Illustrated notes

Levels and vault maps discovered:
D:1:      psy_arrival_radial02, layout_loops_corners
D:2:      layout_basic, serial_shops, nicolae_shop_rolling_square,
          dilly_ecumenical_altar_fadedgnrine, uniq_robin, uniq_jessica
D:3:      layout_basic, kennysheep_slug_shrine,
          gammafunk_temple_overflow_elements
D:4:      nicolae_cairo_tiling, layout_loops_cross, minmay_temple_entry_slanted

Skill      XL: |  1  2  3  4  5  6 |
---------------+-------------------+-----
Short Blades   | 1 2 3 |  3.5
Stealth        | 4 5 6 |  6.3
Spellcasting   | 3 |  3.4
Hexes          | 4 |  4.0
Dodging        | |  1.5

Action                     |  1- 3 |  4- 6 || total
---------------------------+-------+-------++-------
  Melee: Dagger            |    90 |   127 ||   217
         Bite              |    21 |    33 ||    54
         Punch             |       |     1 ||     1
   Cast: Ensorcelled Hiber |     2 |     8 ||    10
         Confusing Touch   |       |     1 ||     1
   Stab: Sleeping          |     9 |    13 ||    22
         Confused          |       |     1 ||     1
 Armour: Robe              |    38 |    62 ||   100
  Dodge: Dodged            |    39 |    67 ||   106
